2777 views
Uploaded 2020-02-12 16:39:43
Game version 1.32 / 1.32.1
9:10 long 2on2 ladder game on (4)HillsbradCreek
Saved by iggythefisk
2777 views
Uploaded 2020-02-12 16:39:43
Game version 1.32 / 1.32.1
9:10 long 2on2 ladder game on (4)HillsbradCreek


43 units @ 5.9k
/ 0.3k
26 buildings @ 3.2k
/ 1.2k


| Healing Salve | 2 | 200 |
| Lesser Clarity Potion | 2 | 140 |
| total: | 4 | 340g |
| Peon | 7 | 525 | / | 0 |
| Grunt | 9 | 1800 | / | 0 |
| Raider | 3 | 540 | / | 120 |
| total: | 19 | 2865g | / | 120w |
| Altar of Storms | 2 | 360 | / | 100 |
| Orc Burrow | 4 | 640 | / | 160 |
| Barracks | 1 | 180 | / | 50 |
| Voodoo Lounge | 1 | 130 | / | 30 |
| Beastiary | 1 | 145 | / | 140 |
| Stronghold | 1 | 315 | / | 190 |
| total: | 9 | 1455g | / | 480w |
| 0:01 | Peon |
| 0:03 | Altar of Storms |
| 0:04 | Altar of Storms |
| 0:09 | Peon |
| 0:18 | Orc Burrow |
| 0:25 | Peon |
| 0:36 | Barracks |
| 0:43 | Peon |
| 0:53 | Peon |
| 1:05 | Peon |
| 1:21 | Voodoo Lounge |
| 1:25 | Peon |
| 1:41 | Orc Burrow |
| 1:56 | Grunt |
| 2:09 | Wind Walk |
| 2:17 | Grunt |
| 2:50 | Stronghold |
| 3:08 | Grunt |
| 3:39 | Orc Burrow |
| 4:01 | Grunt |
| 4:19 | Grunt |
| 4:58 | Healing Salve |
| 5:02 | Lesser Clarity Potion |
| 5:14 | Beastiary |
| 5:40 | Berserker Strength |
| 5:43 | Critical Strike |
| 6:11 | Healing Wave |
| 6:18 | Orc Burrow |
| 6:19 | Raider |
| 6:21 | Ensnare |
| 6:22 | Healing Salve |
| 6:23 | Lesser Clarity Potion |
| 6:41 | Grunt |
| 6:44 | Raider |
| 7:36 | Raider |
| 7:36 | Grunt |
| 7:47 | Hex |
| 7:54 | Grunt |
| 8:00 | Pillage |
| 9:05 | Grunt |
| Assign group | 534 |
| Right click | 532 |
| Select group | 212 |
| Select | 110 |
| Build/train/purchase | 47 |
| Chat | 20 |
| Use ability | 14 |
| Misc. action | 10 |
| Item give/drop | 2 |


| Scroll of Regeneration | 1 | 100 |
| total: | 1 | 100g |
| Peasant | 11 | 825 | / | 0 |
| Footman | 5 | 675 | / | 0 |
| Rifleman | 5 | 1025 | / | 150 |
| Sorceress | 1 | 155 | / | 20 |
| Priest | 1 | 135 | / | 10 |
| Spell Breaker | 1 | 215 | / | 30 |
| total: | 24 | 3030g | / | 210w |
| Scout Tower | 3 | 90 | / | 60 |
| Arcane Tower | 1 | 70 | / | 50 |
| Altar of Kings | 1 | 180 | / | 50 |
| Farm | 6 | 480 | / | 120 |
| Barracks | 1 | 160 | / | 60 |
| Lumber Mill | 1 | 120 | / | 0 |
| Blacksmith | 2 | 280 | / | 120 |
| Arcane Vault | 1 | 130 | / | 30 |
| Arcane Sanctum | 2 | 300 | / | 280 |
| Keep | 1 | 320 | / | 210 |
| total: | 17 | 1740g | / | 720w |
| 0:01 | Peasant |
| 0:06 | Altar of Kings |
| 0:07 | Peasant |
| 0:17 | Farm |
| 0:24 | Barracks |
| 0:26 | Peasant |
| 0:33 | Peasant |
| 0:48 | Farm |
| 0:52 | Peasant |
| 1:10 | Peasant |
| 1:21 | Peasant |
| 1:25 | Farm |
| 1:29 | Footman |
| 1:30 | Peasant |
| 1:45 | Peasant |
| 1:51 | Footman |
| 2:06 | Footman |
| 2:13 | Summon Water Elemental |
| 2:20 | Footman |
| 2:33 | Peasant |
| 2:59 | Peasant |
| 3:00 | Farm |
| 3:01 | Lumber Mill |
| 3:16 | Scout Tower |
| 3:17 | Scout Tower |
| 3:28 | Scout Tower |
| 3:44 | Arcane Tower |
| 4:06 | Brilliance Aura |
| 4:39 | Footman |
| 4:40 | Keep |
| 5:03 | Blacksmith |
| 6:08 | Blacksmith |
| 6:11 | Arcane Vault |
| 6:25 | Rifleman |
| 6:28 | Farm |
| 6:42 | Rifleman |
| 7:01 | Arcane Sanctum |
| 7:02 | Arcane Sanctum |
| 7:10 | Rifleman |
| 7:17 | Farm |
| 7:20 | Rifleman |
| 7:24 | Scroll of Regeneration |
| 7:38 | Rifleman |
| 8:08 | Sorceress |
| 8:08 | Priest |
| 8:14 | Storm Bolt |
| 8:27 | Spell Breaker |
| 8:56 | Summon Water Elemental |
| Right click | 778 |
| Select | 337 |
| Select group | 117 |
| Build/train/purchase | 48 |
| Assign group | 34 |
| Use ability | 3 |
| Remove unit | 2 |
| Misc. action | 1 |
51 units @ 5.5k
/ 0.3k
27 buildings @ 2.7k
/ 0.9k


| Lesser Clarity Potion | 1 | 70 |
| total: | 1 | 70g |
| Peasant | 11 | 825 | / | 0 |
| Footman | 6 | 810 | / | 0 |
| Rifleman | 4 | 820 | / | 120 |
| Priest | 2 | 270 | / | 20 |
| total: | 23 | 2725g | / | 140w |
| Scout Tower | 1 | 30 | / | 20 |
| Arcane Tower | 2 | 140 | / | 100 |
| Altar of Kings | 1 | 180 | / | 50 |
| Farm | 7 | 560 | / | 140 |
| Barracks | 1 | 160 | / | 60 |
| Blacksmith | 1 | 140 | / | 60 |
| Arcane Vault | 1 | 130 | / | 30 |
| Arcane Sanctum | 1 | 150 | / | 140 |
| Keep | 2 | 640 | / | 420 |
| total: | 13 | 1350g | / | 500w |
| 0:02 | Peasant |
| 0:05 | Altar of Kings |
| 0:06 | Peasant |
| 0:19 | Farm |
| 0:22 | Barracks |
| 0:23 | Peasant |
| 0:34 | Peasant |
| 0:45 | Peasant |
| 0:49 | Farm |
| 0:59 | Peasant |
| 1:05 | Peasant |
| 1:11 | Peasant |
| 1:20 | Peasant |
| 1:26 | Footman |
| 1:30 | Farm |
| 1:38 | Peasant |
| 1:51 | Footman |
| 1:51 | Footman |
| 2:11 | Footman |
| 2:16 | Summon Water Elemental |
| 2:31 | Scout Tower |
| 2:52 | Keep |
| 3:10 | Arcane Tower |
| 3:14 | Blacksmith |
| 3:24 | Footman |
| 3:32 | Footman |
| 4:16 | Arcane Vault |
| 4:17 | Rifleman |
| 5:17 | Farm |
| 5:49 | Rifleman |
| 6:08 | Arcane Sanctum |
| 6:20 | Peasant |
| 6:22 | Lesser Clarity Potion |
| 6:41 | Rifleman |
| 7:12 | Farm |
| 7:19 | Brilliance Aura |
| 7:33 | Storm Bolt |
| 7:44 | Long Rifles |
| 7:50 | Farm |
| 8:08 | Rifleman |
| 8:09 | Priest |
| 8:11 | Priest |
| 8:14 | Black Gunpowder |
| 8:24 | Farm |
| Right click | 652 |
| Select group | 235 |
| Select | 214 |
| Build/train/purchase | 47 |
| Assign group | 41 |
| Chat | 32 |
| Misc. action | 29 |
| Use ability | 7 |
| Remove unit | 4 |
| Item give/drop | 1 |

| Peasant | 23 | 1725 | / | 0 |
| Rifleman | 5 | 1025 | / | 150 |
| total: | 28 | 2750g | / | 150w |
| Scout Tower | 3 | 90 | / | 60 |
| Arcane Tower | 1 | 70 | / | 50 |
| Farm | 6 | 480 | / | 120 |
| Blacksmith | 1 | 140 | / | 60 |
| Barracks | 2 | 320 | / | 120 |
| Altar of Kings | 1 | 180 | / | 50 |
| Lumber Mill | 1 | 120 | / | 0 |
| total: | 14 | 1330g | / | 410w |
| 0:04 | Peasant |
| 0:04 | Peasant |
| 0:04 | Peasant |
| 0:04 | Peasant |
| 0:04 | Peasant |
| 0:05 | Peasant |
| 0:46 | Farm |
| 0:54 | Scout Tower |
| 1:00 | Farm |
| 1:02 | Farm |
| 1:09 | Peasant |
| 1:11 | Peasant |
| 1:47 | Peasant |
| 1:47 | Peasant |
| 1:59 | Arcane Tower |
| 2:08 | Blacksmith |
| 2:15 | Barracks |
| 2:17 | Barracks |
| 2:29 | Altar of Kings |
| 3:20 | Peasant |
| 3:20 | Peasant |
| 3:20 | Peasant |
| 3:30 | Rifleman |
| 4:10 | Summon Water Elemental |
| 5:08 | Peasant |
| 5:09 | Peasant |
| 5:28 | Peasant |
| 5:28 | Peasant |
| 5:30 | Rifleman |
| 5:39 | Farm |
| 5:40 | Farm |
| 6:15 | Rifleman |
| 6:33 | Lumber Mill |
| 6:35 | Peasant |
| 6:36 | Peasant |
| 6:46 | Rifleman |
| 6:50 | Brilliance Aura |
| 7:06 | Scout Tower |
| 7:07 | Scout Tower |
| 7:10 | Farm |
| 7:22 | Peasant |
| 7:23 | Peasant |
| 7:23 | Peasant |
| 7:23 | Peasant |
| 7:57 | Rifleman |
| Right click | 522 |
| Select group | 97 |
| Select | 96 |
| Build/train/purchase | 51 |
| Assign group | 13 |
| Chat | 9 |
| Minimap ping | 4 |
| Esc | 3 |
| Remove unit | 2 |
| Use ability | 1 |
โ